 Dungeon Crawl Stone Soup version 0.16-a0-4113-g7d8e295 (webtiles) character file.

154 timbw the Sneak (level 5, 0/31 HPs)
             Began as a High Elf Enchanter on Feb 28, 2015.
             Was an Initiate of Vehumet.
             Slain by an ogre
             ... wielding a +0 giant club
              (27 damage)
             ... on level 7 of the Dungeon.
             The game lasted 00:06:07 (1190 turns).

timbw the Sneak (High Elf Enchanter)                Turns: 1190, Time: 00:06:07

Health: 0/31       AC:  3    Str:  7    XL:     5   Next: 13%
Magic:  17/23      EV: 13    Int: 19    God:    Vehumet [......]
Gold:   117        SH:  0    Dex: 16    Spells: 3 memorised, 4 levels left

rFire  . . .     SeeInvis .     a - +1 dagger
rCold  . . .     Clarity  .     b - +1 robe
rNeg   . . .     SustAb   .     (no shield)
rPois  .         Gourm    .     (no helmet)
rElec  .         Spirit   .     (no cloak)
rCorr  .         Warding  .     (no gloves)
rMut   .         Stasis   .     (no boots)
MR     .....                    (no amulet)
Stlth  ++++......               x - ring of stealth
                                o - ring of magical power

@: very slightly contaminated, not resistant to hostile enchantments, stealthy
A: no striking features
a: Renounce Religion


You were on level 7 of the Dungeon.
You worshipped Vehumet.
Vehumet was noncommittal.
You were not hungry.

You visited 1 branch of the dungeon, and saw 7 of its levels.

You collected 117 gold pieces.

Inventory:

Hand weapons
 a - a +1 dagger (weapon)
Missiles
 e - 6 tomahawks (quivered)
 q - 11 poisoned needles
 s - 8 javelins
Armour
 b - a +1 robe (worn)
Jewellery
 o - a ring of magical power (left hand)
 x - a ring of stealth (right hand)
Magical devices
 r - a wand of disintegration (14)
 t - a wand of fire (5)
Scrolls
 g - 3 scrolls of identify
 i - a scroll of magic mapping {unknown}
 k - a scroll of remove curse {unknown}
 p - 4 scrolls of random uselessness {unknown}
 v - a scroll of teleportation {unknown}
 w - a scroll of fog {unknown}
Potions
 l - 3 potions of ambrosia
 n - a potion of mutation
 u - a potion of curing
 z - a potion of berserk rage {unknown}
Books
 c - a book of Maledictions

   Spells                             Type                      Level
   a - Corona                         Hexes                        1
   b - Sure Blade                     Hexes/Charms                 2
   c - Ensorcelled Hibernation        Hexes/Ice                    2
   d - Confuse                        Hexes                        3
   e - Dazzling Spray                 Conjuration/Hexes            3
   f - Enslavement                    Hexes                        4
Comestibles
 d - 3 bread rations
 f - 2 fruits
 h - 2 beef jerkies
 j - a meat ration
 m - 2 chunks of flesh


   Skills:
 + Level 2.8 Short Blades
 - Level 2.1 Dodging
 * Level 4.7 Stealth
 + Level 3.1 Spellcasting
 * Level 4.2 Hexes


You had 4 spell levels left.
You knew the following spells:

 Your Spells              Type           Power        Failure   Level  Hunger
a - Corona                Hex            ###....      2%          1    None
b - Ensorcelled Hibernat  Hex/Ice        ##....       12%         2    ##.....
c - Dazzling Spray        Conj/Hex       ##......     21%         3    ###....


Dungeon Overview and Level Annotations

Branches:
Dungeon (7/15)
 Temple: D:4-7

Altars:
Elyvilon
Nemelex Xobeh
Qazlal
Sif Muna
Vehumet


Message History

Eat one of 3 chunks of flesh? (ye/n/q/i?) This raw flesh tastes terrible.
You continue eating. x2
You see here a club.
The ogre shouts!
You hear a shout!
You see here a club.
Casting: Ensorcelled Hibernation
Confirm with . or Enter, or press ? or * to list all spells.
Aiming: Ensorcelled Hibernation
Press: ? - help, Shift-Dir - straight line, f - ogre
Aim: an ogre, wielding a giant club (chance 42%)
The ogre resists with some effort.
The ogre misses you.
Casting: Ensorcelled Hibernation
Confirm with . or Enter, or press ? or * to list all spells.
Aiming: Ensorcelled Hibernation
Press: ? - help, Shift-Dir - straight line, f/p - ogre
Aim: an ogre, wielding a giant club (chance 42%)
The ogre resists with some effort.
The ogre hits you with a giant club!!
Ouch! That really hurt!
You die...

##########
........#
#...(...#
#.......#
#.......#
#....)..# #.# #O#
[ #@# ...
#.#######.#..####
..................
.................
################


You could see an ogre.

Vanquished Creatures
  An ogre (D:6)
  A gnoll (D:7)
  2 adders
  3 orcs (D:4)
  7 bats
  A bat skeleton (D:4)
  A giant cockroach (D:5)
  3 hobgoblins
  4 kobolds
  A ball python (D:3)
  A giant gecko skeleton (D:4)
  2 giant newts
  4 goblins
  2 jackals (D:4)
  A quokka (D:3)
  7 rats
41 creatures vanquished.

Notes
Turn   | Place    | Note
--------------------------------------------------------------
     0 | D:1      | timbw, the High Elf Enchanter, began the quest for the Orb.
     0 | D:1      | Reached XP level 1. HP: 11/11 MP: 4/4
   181 | D:3      | Reached XP level 2. HP: 6/17 MP: 4/6
   187 | D:3      | Learned a level 2 spell: Ensorcelled Hibernation
   417 | D:4      | Reached XP level 3. HP: 6/21 MP: 1/8
   501 | D:4      | Found a radiant altar of Vehumet.
   502 | D:4      | Found a deep blue altar of Sif Muna.
   651 | D:5      | Entered Level 5 of the Dungeon
   787 | D:4      | Found a white marble altar of Elyvilon.
   787 | D:4      | Found a sparkling altar of Nemelex Xobeh.
   789 | D:4      | Found a stormy altar of Qazlal.
   794 | D:4      | Became a worshipper of Vehumet
   822 | D:5      | Reached skill level 4 in Stealth
  1051 | D:5      | Learned a level 3 spell: Dazzling Spray
  1054 | D:6      | Noticed an ogre
  1060 | D:6      | Killed an ogre
  1060 | D:6      | Reached XP level 4. HP: 14/27 MP: 12/12
  1060 | D:6      | Reached XP level 5. HP: 16/31 MP: 13/14
  1172 | D:7      | Noticed an ogre
  1190 | D:7      | Slain by an ogre

Action                   |  1- 3 |  4- 6 || total
-------------------------+-------+-------++-------
Melee: Dagger            |    79 |     9 ||    88
 Cast: Corona            |     7 |       ||     7
       Ensorcelled Hiber |    22 |     6 ||    28
  Use: Scroll            |       |     3 ||     3
 Stab: Sleeping          |    21 |     5 ||    26
  Eat: Chunk             |     2 |     1 ||     3
